 Dungeon Crawl Stone Soup version 0.25-b1-23-ge2ad7d536c (webtiles) character file.

Game seed: 7612824117666939761, levelgen mode: deterministic

396 Hugehornet the Chopper (level 6, -1/39 HPs)
             Began as a Gargoyle Fighter on June 2, 2020.
             Slain by Grinder (2 damage)
             ... on level 4 of the Dungeon.
             The game lasted 00:04:06 (2534 turns).

Hugehornet the Chopper (Gargoyle Fighter)           Turns: 2534, Time: 00:04:07

Health: -1/39      AC: 18    Str: 31    XL:     6   Next: 83%
Magic:  6/6        EV:  8    Int: 11    God:
Gold:   219        SH: 10    Dex:  9    Spells: 5/5 levels left

rFire    . . .     SeeInvis .   a - +0 war axe
rCold    . . .     Gourm    .   c - +0 kite shield
rNeg     + . .     Faith    .   b - +0 scale mail
rPois    ∞         Spirit   .   x - +0 helmet
rElec    +         Reflect  .   q - +0 cloak
rCorr    .         Harm     .   o - +2 pair of gloves
MR       .....                  m - +0 pair of boots
Stlth    ..........             (no amulet)
HPRegen  0.13/turn              l - +6 ring of strength
MPRegen  0.10/turn              n - +6 ring of strength

@: mighty, stab
A: negative energy resistance 1, electricity resistance, unbreathing,
petrification resistance, rot immunity, AC +4
a: no special abilities


You were on level 4 of the Dungeon.
You were not hungry.

You visited 1 branch of the dungeon, and saw 4 of its levels.

You collected 219 gold pieces.

Inventory:

Hand Weapons
 a - a +0 war axe (weapon)
Armour
 b - a +0 scale mail (worn)
 c - a +0 kite shield (worn)
 k - a +0 plate armour
 m - a +0 pair of boots (worn)
 o - a +2 pair of gloves (worn)
 q - a +0 cloak (worn)
 x - a +0 helmet (worn)
Jewellery
 l - a +6 ring of strength (left hand)
 n - a +6 ring of strength (right hand)
 s - an uncursed ring of protection from fire
 v - the ring of Pasesmao {rElec rC- MR+ Str+2 Dex+4}
   (You found it on level 4 of the Dungeon)

   [ring of protection from magic]

   It affects your strength (+2).
   It affects your dexterity (+4).
   It makes you vulnerable to cold.
   It insulates you from electricity.
   It affects your resistance to hostile enchantments.
Wands
 u - a wand of random effects (18)
Scrolls
 e - 2 scrolls of remove curse {unknown}
 g - 2 scrolls of teleportation {unknown}
 h - 3 scrolls of amnesia {unknown}
 i - 3 scrolls of identify {unknown}
 j - 2 scrolls of enchant weapon {unknown}
 y - a scroll of immolation {unknown}
Potions
 p - a potion of stabbing
 r - a potion of magic {unknown}
 t - a potion of berserk rage {unknown}
 w - a potion of ambrosia {unknown}
Comestibles
 f - 6 rations


   Skills:
 - Level 4.4 Fighting
 + Level 4.7 Axes
 - Level 4.4 Armour
 - Level 4.4 Shields


You had 5 spell levels left.
You didn't know any spells.
Your spell library was empty.

Dungeon Overview and Level Annotations

Branches:
Dungeon (4/15)
 Temple: D:4-7

Altars:
Dithmenos

Annotations:
D:4 Grinder


Innate Abilities, Weirdness & Mutations

You are resistant to torment.
Your stone body is resilient. (AC +4)
You are immune to poison.
You resist negative energy. (rN+)
You are resistant to electric shocks. (rElec)
You can survive without breathing.
You are immune to petrification.
You are immune to rotting.


Message History

You are too injured to fight recklessly!
You are too injured to fight recklessly!
You are too injured to fight recklessly!
It was a potion of stabbing.
You feel ready to backstab.
Grinder blinks!
You feel very mighty all of a sudden. Grinder gestures at you.
Pain shoots through your body!
* * * LOW HITPOINT WARNING * * *
You closely miss Grinder.
Grinder is moderately wounded.
Grinder gestures at you. You resist with significant effort.
You closely miss Grinder.
Grinder is moderately wounded.
Grinder hits you.
* * * LOW HITPOINT WARNING * * *
You writhe in agony.
You die...

#...### ##..##
#...#
#...#######
##...#....#
####...#....#
#...%........#
#.###........##
##...@$...#
#...5.?..#
...............
#####.#.###.###
#..<. .# #..#.
. #.. . # .. ..


You could see Grinder.

Vanquished Creatures
  Sigmund (D:2)
  A crimson imp (D:2)
  An orc wizard (D:3)
  Natasha (D:4)
  An iguana (D:4)
  5 adders
  3 gnolls (D:4)
  3 dart slugs
  A leopard gecko (D:2)
  4 orcs (D:3)
  4 giant cockroaches
  6 goblins
  7 hobgoblins
  2 jackals (D:3)
  8 bats
  2 frilled lizards
  5 kobolds
  4 rats
59 creatures vanquished.

Notes
Turn   | Place    | Note
-------+----------+-------------------------------------------
     0 | D:1      | Hugehornet the Gargoyle Fighter began the quest for the
                  | Orb.
     0 | D:1      | Reached XP level 1. HP: 14/14 MP: 1/1
   211 | D:1      | Reached XP level 2. HP: 19/19 MP: 2/2
   821 | D:2      | Reached XP level 3. HP: 22/24 MP: 3/3
   938 | D:2      | Noticed Sigmund
   956 | D:2      | Killed Sigmund
   956 | D:2      | Reached XP level 4. HP: 26/30 MP: 4/4
   956 | D:2      | Reached XP level 5. HP: 29/34 MP: 5/5
  1146 | D:2      | Reached XP level 6. HP: 39/39 MP: 6/6
  1632 | D:3      | Found a shadowy altar of Dithmenos.
  1782 | D:3      | You fall into a shaft and drop 1 floor!
  1823 | D:4      | Got a fine bone ring
  1827 | D:4      | Identified the ring of Pasesmao {rElec rC- MR+ Str+2 Dex+4}
                  | (You found it on level 4 of the Dungeon)
  1986 | D:3      | Found a faded altar of an unknown god.
  2516 | D:4      | Noticed Grinder
  2516 | D:4      | Noticed Natasha
  2522 | D:4      | Killed Natasha
  2534 | D:4      | HP: 1/39 [Grinder (6)]
  2534 | D:4      | Slain by Grinder

Illustrated notes

Levels and vault maps discovered:
D:1:      minmay_arrival_diagonal_passages, layout_loops_ring
D:2:      layout_basic, uniq_sigmund
D:3:      layout_loops_ring, nicolae_dithmenos_shadow_blocks,
          chequers_ecumenical_altar_twisty
D:4:      layout_basic, first_ration, uniq_grinder, uniq_natasha

Skill      XL: |  1  2  3  4  5  6 |
---------------+-------------------+-----
Axes           | 2 3 4 |  4.7
Fighting       | 4 |  4.4
Armour         | 4 |  4.4
Shields        | 4 |  4.4

Action                   |  1- 3 |  4- 6 || total
-------------------------+-------+-------++-------
Melee: War axe           |    81 |   102 ||   183
  Use: Potion            |       |     2 ||     2
  Eat: Chunk             |       |     5 ||     5
Armor: Scale mail        |    46 |    53 ||    99
Dodge: Dodged            |    24 |    39 ||    63
Block: Kite shield       |    37 |    53 ||    90
